 Dungeon Crawl Stone Soup version 0.29-a0-997-gf6f7e2dfe7 (webtiles) character file.

Game seed: 1484917080503561720

34 Newt the Trooper (level 3, 0/24 HPs)
             Began as a Gargoyle Monk on Aug 4, 2022.
             Slain by a frilled lizard (2 damage)
             ... on level 2 of the Dungeon.
             The game lasted 00:01:14 (986 turns).

Newt the Trooper (Gargoyle Monk)                     Turns: 986, Time: 00:01:14

Health: 0/24       AC:  5    Str: 16    XL:     3   Next: 31%
Magic:  3/3        EV: 12    Int: 10    God:
Gold:   22         SH:  0    Dex: 12    Spells: 2/2 levels left

rFire   . . .      SeeInvis .   a - +0 mace
rCold   . . .      Faith    .   (no shield)
rNeg    + . .      Spirit   .   b - +0 robe
rPois   ∞          Reflect  .   (no helmet)
rElec   +          Harm     .   (no cloak)
rCorr   +          Rampage  .   (no gloves)
Will    .....                   (no boots)
Stlth   ++........              (no amulet)
HPRegen 0.08/turn               d - ring of resist corrosion
MPRegen 0.08/turn               (no ring)

@: no status effects
A: sickness immunity, AC +3, negative energy resistance 1, electricity
resistance, torment resistance 1, petrification resistance
a: no special abilities


You were on level 2 of the Dungeon.
You visited 1 branch of the dungeon, and saw 2 of its levels.

You collected 22 gold pieces.

Inventory:

Hand Weapons
 a - a +0 mace (weapon)
Armour
 b - a +0 robe (worn)
Jewellery
 d - a ring of resist corrosion (left hand)
Scrolls
 e - a scroll of teleportation {unknown}
 f - a scroll of amnesia {unknown}
 h - a scroll of enchant armour {unknown}
Potions
 g - a potion of haste {unknown}


   Skills:
 + Level 3.7 Fighting
 + Level 3.5 Maces & Flails
 + Level 2.7 Dodging
 + Level 2.5 Stealth


You had 2 spell levels left.
You didn't know any spells.
Your spell library was empty.

Dungeon Overview and Level Annotations

Branches:
Dungeon (2/15)

Altars:


Innate Abilities, Weirdness & Mutations

You are immune to sickness and miasma.
Your stone body is resilient. (AC +3)
You are immune to poison.
You resist negative energy. (rN+)
You are resistant to electric shocks. (rElec)
You are resistant to unholy torment.
You are immune to petrification.


Message History

The frilled lizard completely misses you.
You hit the frilled lizard.
The frilled lizard is heavily wounded.
The kobold barely misses you. The endoplasm freezes you.
You are frozen.
* * * LOW HITPOINT WARNING * * *
The frilled lizard misses you. The endoplasm freezes you.
You are frozen.
* * * LOW HITPOINT WARNING * * *
The kobold barely misses you. The frilled lizard barely misses you.
Unknown command.
The endoplasm freezes you.
You are frozen.
* * * LOW HITPOINT WARNING * * *
Unknown command.
You feel less invigorated.
You feel less confused. The kobold hits you with a +0 dagger.
* * * LOW HITPOINT WARNING * * *
Unknown command.
You hit the endoplasm.
You kill the endoplasm!
The kobold hits you but does no damage.
The frilled lizard bites you but does no damage.
Unknown command.
You hit the kobold.
You kill the kobold!
The frilled lizard barely misses you.
A frilled lizard is nearby!
A frilled lizard is nearby!
You closely miss the frilled lizard.
The frilled lizard is heavily wounded.
The frilled lizard completely misses you.
You closely miss the frilled lizard.
The frilled lizard is heavily wounded.
The frilled lizard bites you but does no damage.
The frilled lizard bites you.
You die...

#..#.#.#.#.#### ..#
####.............+....
#...........#.#..#...
......<.............
........#.#.#.....#
..#####.#.....#...# .
#.#.#.#.#...#
#...........# #
#.#.#.#...@.#.#
#.#.#.#..l)...#
#.#.#.#..(....#
......#..†....#
#.#...#...........
..#...............
..............##...
............ ...
...........#. #.


You could see a frilled lizard.

Vanquished Creatures
  A worm (D:2)
  A dart slug (D:2)
  2 bats (D:1)
  2 endoplasms
  3 goblins (D:1)
  3 hobgoblins
  3 jackals (D:2)
  3 kobolds
  A quokka (D:1)
  4 ball pythons (D:1)
  3 frilled lizards (D:1)
  A rat (D:1)
27 creatures vanquished.

Notes
Turn   | Place    | Note
-------+----------+-------------------------------------------
     0 | D:1      | Newt the Gargoyle Monk began the quest for the Orb.
     0 | D:1      | Reached XP level 1. HP: 14/14 MP: 1/1
   222 | D:1      | Reached XP level 2. HP: 19/19 MP: 2/2
   539 | D:1      | Found a faded altar of an unknown god.
   885 | D:2      | Reached XP level 3. HP: 18/24 MP: 3/3
   980 | D:2      | HP: 1/24 [frozen (5)]
   986 | D:2      | Slain by a frilled lizard

Illustrated notes

Levels and vault maps discovered:
D:1:      minmay_arrival_split_and_join, layout_basic,
          chequers_ecumenical_altar_island, nrook_mini_vaults, fountainhead,
          nrook_loot_triangle
D:2:      layout_basic, uniq_sigmund

Action                   || total
-------------------------++-------
Melee: Mace              ||    64
  Use: Potion            ||     1
 Stab: Sleeping          ||     5
Armor: Robe              ||    19
Dodge: Dodged            ||    51

Table legend: (Time is in decaauts)
 A = Elapsed time spent in this place.
 B = Non-inter-level travel time spent in this place.
 C = Inter-level travel time spent in this place.
 D = Time resting spent in this place.
 E = Time spent auto-exploring this place.
 F = Levels seen in this place.
 G = Mean time per level.
                   A        B        C        D        E       F      G
               +--------+--------+--------+--------+--------+-----+--------+
         Total |   1003 |    976 |     27 |    215 |    594 |   2 |  501.5 |
       Dungeon |   1003 |    976 |     27 |    215 |    594 |   2 |  501.5 |
               +--------+--------+--------+--------+--------+-----+--------+

Top non-repeatable levels by time:
     D:1: 884 daAuts
     D:2: 119 daAuts
